 Dungeon Crawl Stone Soup version 0.18.1-50-g88ac8fd (webtiles) character file.

359 varam the Ruffian (level 6, -1/59 HPs)
             Began as a Troll Monk on Oct 22, 2016.
             Slain by a troll (15 damage)
             ... on level 4 of the Dungeon.
             The game lasted 00:02:35 (1434 turns).

varam the Ruffian (Troll Monk)                      Turns: 1434, Time: 00:02:35

Health: -1/59      AC:  5    Str: 20    XL:     6   Next: 37%
Magic:  5/5        EV: 10    Int:  6    God:
Gold:   116        SH:  0    Dex: 14    Spells: 0 memorised, 5 levels left

rFire  . . .     SeeInvis .       - Unarmed
rCold  . . .     Gourm    +     a - +0 robe
rNeg   . . .     Faith    .     (no shield)
rPois  .         Spirit   .     (helmet restricted)
rElec  .         Dismiss  .     (no cloak)
rCorr  .         Reflect  .     (gloves unavailable)
SustAt .         Harm     .     (boots unavailable)
MR     .....                    (no amulet)
Stlth  ++........               (no ring)
                                (no ring)

@: not resistant to hostile enchantments, unstealthy
A: unfitting armour, claws 3, fast metabolism 3, gourmand, regeneration 2,
shaggy fur 1, tough skin 2
a: no special abilities


You were on level 4 of the Dungeon.
You were near starving.

You visited 1 branch of the dungeon, and saw 5 of its levels.

You collected 116 gold pieces.

Inventory:

Armour
 a - a +0 robe (worn)
Wands
 m - a wand of paralysis (13/24)
Scrolls
 c - 3 scrolls of identify {unknown}
 e - a scroll of remove curse {unknown}
 g - 3 scrolls of fear {unknown}
 h - a scroll of noise {unknown}
 j - a scroll of recharging {unknown}
Potions
 d - a potion of lignification {unknown}
 i - a potion of degeneration {unknown}
 l - a potion of haste {unknown}
 n - a potion of curing {unknown}
Comestibles
 b - 2 bread rations
 f - 2 beef jerkies


   Skills:
 - Level 2.4 Fighting
 - Level 2.4 Dodging
 - Level 1.1 Stealth
 + Level 7.8 Unarmed Combat


You had 5 spell levels left.
You didn't know any spells.

Dungeon Overview and Level Annotations

Branches:
Dungeon (5/15)
 Temple: D:4-7

Altars:
Elyvilon
Qazlal
Ru
The Shining One


Innate Abilities, Weirdness & Mutations

You are too large for most types of armour.
You have claws for hands.
Your metabolism is lightning-fast.
You like to eat raw meat.
You heal very quickly.
You are covered in fur (AC +1).
You have very tough skin (AC +2).


Message History

HP restored.
You are near starving!
You open the door.
A troll comes into view.
There is an open door here.
The troll closely misses you. The troll claws you!
The troll closely misses you.
You claw the troll!
The troll is moderately wounded.
The troll bites you! The troll closely misses you.
The troll claws you but does no damage.
You barely miss the troll.
The troll is moderately wounded.
The troll bites you! The troll claws you but does no damage.
The troll claws you!
* * * LOW HITPOINT WARNING * * *
You claw the troll!
The troll is moderately wounded.
The troll bites you!
You die...

.....#
########..........
.....# ..#.#########
.....# #.#.# ######
########'#.##
#...........#
#...........#
#...........########
#..T...............#
#..@........######.#
#...........# #.#
#...........######.#
#...........'......#
#...........########
#...........#
#############


You could see a troll.

Vanquished Creatures
  The ghost of Monkfish the Sneak, an amateur KoAs (D:3)
  A howler monkey (D:4)
  An orc wizard (D:2)
  2 hound skeletons (D:4)
  A worker ant zombie (D:5)
  4 adders
  An ooze (D:2)
  4 worms
  2 dart slugs
  A giant gecko (D:4)
  3 orcs (D:4)
  3 giant cockroaches
  3 goblins
  3 hobgoblins
  A quokka (D:3)
  3 bats
  4 giant newts
  2 kobolds (D:3)
  5 rats
45 creatures vanquished.

Notes
Turn   | Place    | Note
--------------------------------------------------------------
     0 | D:1      | varam the Troll Monk began the quest for the Orb.
     0 | D:1      | Reached XP level 1. HP: 22/22 MP: 0/0
    95 | D:1      | Reached XP level 2. HP: 18/29 MP: 1/1
   209 | D:2      | Found a sacrificial altar of Ru.
   220 | D:2      | Reached skill level 5 in Unarmed Combat
   220 | D:2      | Reached XP level 3. HP: 27/36 MP: 2/2
   273 | D:2      | Found a stormy altar of Qazlal.
   332 | D:2      | Reached XP level 4. HP: 44/44 MP: 3/3
   369 | D:3      | Noticed Monkfish's ghost (amateur KoAs)
   398 | D:3      | Killed Monkfish's ghost
   398 | D:3      | Reached skill level 7 in Unarmed Combat
   398 | D:3      | Reached XP level 5. HP: 37/50 MP: 4/4
   438 | D:3      | Found a white marble altar of Elyvilon.
   601 | D:4      | Reached XP level 6. HP: 59/59 MP: 5/5
  1156 | D:4      | Found a glowing golden altar of the Shining One.
  1350 | D:5      | Entered Level 5 of the Dungeon
  1426 | D:4      | Noticed a troll
  1434 | D:4      | Slain by a troll

Skill      XL: |  1  2  3  4 |
---------------+-------------+-----
Unarmed Combat | 5 7 |  7.8
Fighting       | |  2.4
Dodging        | |  2.4
Stealth        | |  1.1

Action                   |  1- 3 |  4- 6 || total
-------------------------+-------+-------++-------
Melee: Unarmed           |    64 |    86 ||   150
       Punch             |     1 |     1 ||     2
 Stab: Sleeping          |     1 |     3 ||     4
       Invisible         |     1 |       ||     1
       Paralysed         |     1 |       ||     1
  Eat: Chunk             |     1 |     6 ||     7
       Pizza             |       |     1 ||     1
Armor: Robe              |    20 |    22 ||    42
Dodge: Dodged            |    41 |    32 ||    73
